 Dungeon Crawl Stone Soup version 0.16.2-12-gd0ad4c3 (webtiles) character file.

8481 faibistes the Thaumaturge (level 11, -6/60 HPs)
             Began as a Deep Elf Wizard on Sept 19, 2018.
             Was a High Priest of Sif Muna.
             Mangled by a hill giant
             ... wielding a +0 giant club
              (30 damage)
             ... on level 11 of the Dungeon on Sept 20, 2018.
             The game lasted 00:48:05 (17766 turns).

faibistes the Thaumaturge (Deep Elf Wizard)        Turns: 17766, Time: 00:48:06

Health: -6/60      AC: 10    Str:  4    XL:     11   Next: 10%
Magic:  28/33      EV: 16    Int: 27    God:    Sif Muna [*****.]
Gold:   590        SH:  0    Dex: 13    Spells: 6 memorised, 20 levels left

rFire  . . .     SeeInvis .     w - +1 short sword (venom)
rCold  . . .     Clarity  .     a - +0 robe
rNeg   . . .     SustAb   .     (no shield)
rPois  +         Gourm    .     b - +0 hat
rElec  .         Spirit   .     M - +1 cloak
rCorr  +         Warding  .     (no gloves)
rMut   .         Stasis   .     L - +0 pair of boots
MR     +....                    T - amulet of resist corrosion
Stlth  ++........               B - ring of poison resistance
                                l - +5 ring of protection

@: repel missiles, somewhat resistant to hostile enchantments, unstealthy
A: no striking features
a: Channel Energy, Forget Spell, Renounce Religion


You were on level 11 of the Dungeon.
You worshipped Sif Muna.
Sif Muna was extremely pleased with you.
You were not hungry.

You visited 2 branches of the dungeon, and saw 13 of its levels.
You also visited: Sewer.

You collected 590 gold pieces.

Inventory:

Hand weapons
 e - a +0 dagger of flaming
 w - a +1 short sword of venom (weapon)
 G - a +2 hand axe of electrocution
 U - a +0 dagger of electrocution
Armour
 a - a +0 robe (worn)
 b - a +0 hat (worn)
 L - a +0 pair of boots (worn)
 M - a +1 cloak (worn)
Magical staves
 D - an uncursed staff of wizardry
Jewellery
 l - a +5 ring of protection (left hand)
 B - a ring of poison resistance (right hand)
 C - an uncursed ring of positive energy
 E - an uncursed ring of protection from magic
 H - an uncursed amulet of resist mutation
 O - a +1 ring of evasion
 R - an uncursed ring of protection from fire
 S - an uncursed ring of sustain abilities
 T - an amulet of resist corrosion (around neck)
 V - an uncursed ring of protection from magic
Magical devices
 v - a wand of cold (9)
 J - a wand of random effects (25)
 P - a wand of confusion (23)
Scrolls
 f - 3 scrolls of teleportation
 j - 5 scrolls of immolation
 p - a scroll of fog
 t - 4 scrolls of fear
 y - 7 scrolls of remove curse
 z - a scroll of recharging
Potions
 g - a potion of haste {unknown}
 h - 2 potions of restore abilities {unknown}
 i - 4 potions of cure mutation
 k - 3 potions of cancellation
 m - 2 potions of ambrosia {unknown}
 n - 2 potions of invisibility {unknown}
 o - 5 potions of curing
 s - a potion of heal wounds
 x - 3 potions of poison {unknown}
 A - 2 potions of might {unknown}
 I - 4 potions of flight
 K - a potion of agility {unknown}
Books
 c - a book of Minor Magic

   Spells                             Type                      Level
   a - Magic Dart                     Conjuration                  1
   b - Blink                          Translocation                2
   c - Call Imp                       Summoning                    2
   d - Repel Missiles                 Charms/Air                   2
   e - Slow                           Hexes                        2
   f - Conjure Flame                  Conjuration/Fire             3
   g - Mephitic Cloud                 Conjuration/Poison/Air       3
Comestibles
 d - 6 bread rations
 q - 6 beef jerkies
 r - 6 fruits
 u - 4 meat rations
 F - 8 chunks of flesh


   Skills:
 + Level 3.1 Fighting
 + Level 7.7 Dodging
 - Level 2.4 Stealth
 * Level 11.5 Spellcasting
 + Level 7.5 Conjurations
 + Level 4.4 Charms
 - Level 4.0 Summonings
 + Level 3.6 Translocations
 * Level 5.9 Fire Magic
 - Level 4.8 Air Magic
 - Level 3.1 Poison Magic
 * Level 4.6 Invocations
 + Level 3.0 Evocations


You had 20 spell levels left.
You knew the following spells:

 Your Spells              Type           Power        Failure   Level  Hunger
a - Magic Dart            Conj           ####         1%          1    None
b - Conjure Flame         Conj/Fire      ######..     1%          3    None
c - Call Imp              Summ           #####...     1%          2    None
d - Blink                 Tloc           N/A          1%          2    None
e - Mephitic Cloud        Conj/Pois/Air  #####...     1%          3    None
f - Repel Missiles        Chrm/Air       #####.       1%          2    None


Dungeon Overview and Level Annotations

Branches:
Dungeon (12/15)            Temple (1/1) D:7            Lair (0/8) D:11
    Orc (0/4) D:10

Altars:
Ashenzari
Cheibriados
Dithmenos
Elyvilon
Fedhas
Gozag
Kikubaaqudgha
Makhleb
Nemelex Xobeh
Okawaru
Qazlal
Ru
Sif Muna
Trog
Vehumet
Xom
Yredelemnul
Zin
The Shining One


Message History

Press: ? - help, Dir - move target cursor The fire roars!
Casting: Conjure Flame
Confirm with . or Enter, or press ? or * to list all spells.
Aiming: Conjure Flame
Press: ? - help, Dir - move target cursor The fire roars!
The hill giant is engulfed in roaring flames.
You hit the hill giant but do no damage.
The hill giant is poisoned.
The hill giant is moderately wounded.
The hill giant is engulfed in roaring flames.
The hill giant hits you with a giant club!!!
Ouch! That really hurt!
You hit the hill giant.
The hill giant looks even sicker.
The hill giant is heavily wounded.
The hill giant is engulfed in roaring flames.
The hill giant hits you with a giant club!!
Ouch! That really hurt!
You die...

#......# #.# #.#
#.# #.# #.# #.# #.#
#.####.#######.#
#............#.#
#..##..#.......##
#ยง.##..#####....##
#C.##..#####......
#@..............##
#........#####.##
#...#...## #.#
######.## #.#
#####.### #+#
#.......# #.###.#.#
#.#.# ..#.#


You could see a hill giant.

Vanquished Creatures
  Pikel (D:9)
  A cyclops (D:11)
  Prince Ribbit (D:5)
  A two-headed ogre (D:8)
  A wyvern (D:11)
  A wraith (D:10)
  8 yaks
  A hungry ghost (D:8)
  4 hippogriffs
  2 wargs (D:10)
  Edmund (D:4)
  The ghost of faibistes the Magician, an average DEWz (D:3)
  2 sky beasts
  4 orc warriors (D:10)
  An eye of draining (D:10)
  A phantom (D:10)
  A crocodile (D:11)
  3 ogres
  5 centaurs
  Sigmund (D:4)
  A big kobold (D:9)
  8 giant frogs
  3 scorpions
  A spriggan skeleton (D:10)
  A troll skeleton (D:10)
  5 killer bees (D:8)
  2 goliath beetles
  5 crimson imps
  11 wights
  2 centaur zombies
  A giant frog skeleton (D:7)
  An iguana (D:7)
  A quasit (D:11)
  2 giant frog zombies
  5 hounds
  A centaur skeleton (D:10)
  6 orc priests
  A gnoll shaman (D:6)
  6 orc wizards
  4 worker ants
  A killer bee zombie (D:7)
  3 sheep
  Ijyb (D:5)
  A hound zombie (D:9)
  A mummy (D:9)
  2 worker ant zombies
  14 gnolls
  14 adders
  3 shadow imps
  5 giant mites
  2 worms
  An adder skeleton (D:7)
  An adder zombie (D:5)
  4 giant geckos
  2 oozes
  35 orcs
  5 ball pythons
  10 giant cockroaches
  11 goblins
  20 hobgoblins
  3 quokkas
  10 bats
  A giant gecko skeleton (D:4)
  9 giant newts
  A giant spore (D:7)
  15 jackals
  33 kobolds
  22 rats
  5 ballistomycetes
343 creatures vanquished.

Vanquished Creatures (collateral kills)
  A giant mite (D:1)
  2 worms
  2 orcs (D:4)
  2 jackals (D:1)
  A kobold (D:2)
8 creatures vanquished.

Vanquished Creatures (others)
  A slave (D:9)
  A crocodile (D:9)
  A crimson imp (D:8)
  An iguana (D:9)
  2 white imps
  A shadow imp (D:10)
  2 giant spores (D:8)
  A quokka (D:8)
  2 ballistomycetes (D:8)
12 creatures vanquished.

Grand Total: 363 creatures vanquished

Notes
Turn   | Place    | Note
--------------------------------------------------------------
     0 | D:1      | faibistes, the Deep Elf Wizard, began the quest for the Orb.
     0 | D:1      | Reached XP level 1. HP: 10/10 MP: 6/6
   386 | D:1      | Reached XP level 2. HP: 15/15 MP: 2/10
   406 | D:1      | Learned a level 2 spell: Blink
   409 | D:1      | Learned a level 2 spell: Call Imp
   650 | D:1      | Reached skill level 5 in Spellcasting
  1013 | D:1      | Reached XP level 3. HP: 8/19 MP: 1/14
  1021 | D:1      | Learned a level 3 spell: Conjure Flame
  1025 | D:1      | Learned a level 3 spell: Mephitic Cloud
  1502 | D:2      | Learned a level 2 spell: Repel Missiles
  1584 | D:2      | Reached XP level 4. HP: 15/24 MP: 4/17
  2047 | D:1      | Reached skill level 6 in Spellcasting
  2635 | D:2      | Found a glowing golden altar of the Shining One.
  2836 | D:2      | Reached XP level 5. HP: 28/28 MP: 8/20
  3080 | D:2      | Found a burning altar of Makhleb.
  3223 | D:4      | Found a glowing drain.
  3291 | Sewer    | Entered a sewer
  4411 | D:4      | Noticed Sigmund
  4419 | D:4      | Killed Sigmund
  4419 | D:4      | Reached XP level 6. HP: 32/32 MP: 13/22
  4429 | D:4      | Noticed Edmund
  4524 | D:3      | Noticed faibistes' ghost (average DEWz)
  4551 | D:3      | Killed faibistes' ghost
  4551 | D:3      | Reached skill level 7 in Spellcasting
  6045 | D:4      | Reached XP level 7. HP: 35/37 MP: 21/25
  6195 | D:4      | Found a shimmering altar of Xom.
  6313 | D:4      | Killed Edmund
  6313 | D:4      | Reached skill level 1 in Fighting
  6408 | D:5      | Entered Level 5 of the Dungeon
  6463 | D:5      | Reached skill level 8 in Spellcasting
  6872 | D:5      | Found an opulent altar of Gozag.
  6873 | D:5      | Found a deep blue altar of Sif Muna.
  6899 | D:5      | Found a shattered altar of Ashenzari.
  6899 | D:5      | Found a shadowy altar of Dithmenos.
  6900 | D:5      | Found a sacrificial altar of Ru.
  7412 | D:6      | Reached skill level 5 in Dodging
  7418 | D:6      | Noticed Prince Ribbit
  7445 | D:5      | Became a worshipper of Sif Muna the Loreminder
  7471 | D:5      | Killed Prince Ribbit
  7471 | D:5      | Reached skill level 1 in Fire Magic
  7471 | D:5      | Reached skill level 1 in Air Magic
  7665 | D:6      | Reached XP level 8. HP: 40/44 MP: 22/27
  7928 | D:5      | Acquired Sif Muna's first power
  8125 | D:5      | Reached skill level 5 in Conjurations
  8222 | D:5      | Noticed Ijyb
  8239 | D:5      | Killed Ijyb
  8363 | D:5      | Found an iron altar of Okawaru.
  8455 | D:5      | Reached skill level 1 in Poison Magic
  8971 | D:7      | Reached skill level 9 in Spellcasting
  8972 | D:7      | Acquired Sif Muna's second power
  9359 | D:5      | Found a shimmering altar of Xom.
  9472 | D:6      | Reached XP level 9. HP: 44/48 MP: 9/29
 10073 | D:7      | Found a staircase to the Ecumenical Temple.
 10140 | Temple   | Entered the Ecumenical Temple
 11194 | D:8      | Reached skill level 10 in Spellcasting
 12843 | D:9      | Reached skill level 1 in Charms
 12955 | D:9      | Noticed Pikel
 12967 | D:9      | Killed Pikel
 12967 | D:9      | Reached skill level 1 in Invocations
 12967 | D:9      | Reached skill level 1 in Evocations
 12967 | D:9      | Reached XP level 10. HP: 53/53 MP: 12/31
 13103 | D:10     | Entered Level 10 of the Dungeon
 13302 | D:9      | Acquired Sif Muna's third power
 14409 | D:10     | Reached skill level 5 in Fire Magic
 14499 | D:10     | Found a runed door.
 14844 | D:10     | Reached skill level 11 in Spellcasting
 15260 | D:10     | Found a staircase to the Orcish Mines.
 15520 | D:10     | Found a shattered altar of Ashenzari.
 16455 | D:11     | Noticed a cyclops
 16952 | D:11     | Killed a cyclops
 17114 | D:11     | Found a staircase to the Lair.
 17146 | D:12     | Reached XP level 11. HP: 60/60 MP: 29/33
 17760 | D:11     | Noticed a hill giant
 17766 | D:11     | Mangled by a hill giant

Action                   |  1- 3 |  4- 6 |  7- 9 | 10-12 || total
-------------------------+-------+-------+-------+-------++-------
Melee: Dagger            |     4 |       |       |       ||     4
       Short sword       |     2 |    18 |   171 |   105 ||   296
 Cast: Magic Dart        |    90 |   208 |   424 |   201 ||   923
       Call Imp          |     3 |    11 |       |     6 ||    20
       Blink             |     3 |     2 |     2 |    14 ||    21
       Mephitic Cloud    |     3 |    12 |    31 |    35 ||    81
       Repel Missiles    |     1 |     2 |     1 |     1 ||     5
       Conjure Flame     |       |       |    37 |    50 ||    87
Evoke: Wand              |       |       |       |     8 ||     8
  Use: Scroll            |       |     3 |     5 |     8 ||    16
       Potion            |       |     2 |       |       ||     2
 Stab: Confused          |       |     1 |     4 |     2 ||     7
  Eat: Chunk             |     2 |    13 |    19 |    13 ||    47
       Fruit             |       |     1 |     1 |     2 ||     4
       Pizza             |       |       |     1 |       ||     1
